 Dungeon Crawl Stone Soup version 0.30.0-19-g36f170ea60 (webtiles) character file.

Game seed: 6341902966239991315

404714 olmar the Bludgeoner (level 22, 0/211 HPs)
             Began as an Armataur Fighter on May 30, 2023.
             Was a High Priest of Ru.
             Slain by a tyrant leech (35 damage)
             ... called by a spriggan druid
             ... on level 1 of the Swamp.
             The game lasted 01:10:58 (34929 turns).

olmar the Bludgeoner (Armataur Fighter)            Turns: 34929, Time: 01:10:58

Health: 0/211      AC: 26    Str: 41    XL:     22   Next: 63%
Magic:  0/17       EV:  5    Int: 11    God:    Ru [*****.]
Gold:   1741       SH: 15    Dex:  9    Spells: 21/21 levels left

rFire   + + +        H - +5 morningstar (protect)
rCold   + . .        Q - +1 kite shield {reflect}
rNeg    + + +        S - +0 gold dragon scales
rPois   +            v - +2 hood of the Assassin {Detect Stab+ Stlth++}
rElec   .            B - scarf of Sawniyss {rC+ rF+, Rampage *Slow +Blink Regen+}
rCorr   .            r - +0 pair of gloves
SInv    .            k - +2 barding {rF+}
Will    ++...        p - amulet of Naol {Spirit rPois rC- rN+++ Str+4}
Stlth   x              - ring "Maomeb" {Fly rF+ Will+}
HPRegen 1.35/turn    V - +6 ring of strength
MPRegen 0.15/turn

%: slow self (1%), reflection, guardian spirit, roll
@: about to teleport, corroded, horrified, under a protective aura, flying
A: large, rugged brown scales 3, deformed body, low MP 2, screaming 1, no
stealth, hated by all, cowardly, no earth magic, no translocations magic, no
transmutations magic, disrupted magic 2, armoured tail, roll, long tongue,
awkward tongue, iridescent scales 1, poison resistance
}: 1/15 runes: serpentine
a: Renounce Religion, Evoke Blink, Draw Out Power, Power Leap, Apocalypse


You were on level 1 of the Swamp.
You worshipped Ru.
Ru was extremely pleased with you.
You visited 6 branches of the dungeon, and saw 30 of its levels.
You visited the Abyss 1 time.
You also visited: Bailey, Gauntlet, Ice Cave and Volcano.

You collected 4273 gold pieces.
You spent 2532 gold pieces at shops.

Inventory:

Hand Weapons
 c - a +3 demon whip of flaming
 G - a +2 morningstar of holy wrath
 H - a +5 morningstar of protection (weapon)
Missiles
 C - 4 silver javelins
 L - 9 curare-tipped darts
 X - a throwing net
Armour
 k - a +2 barding of fire resistance (worn)
 r - a +0 pair of gloves (worn)
 v - the +2 hood of the Assassin (worn) {Detect Stab+ Stlth++}
   (You found it on level 3 of the Elven Halls)

   Detect:    It allows the wearer to sense nearby creatures.
   Stab+:     It allows the wearer to make particularly effective stabbing
   attacks against helpless or unaware enemies with any weapon.
   Stlth:     It makes you much more stealthy.
 B - the scarf of Sawniyss (worn) {rC+ rF+, Rampage *Slow +Blink Regen+}
   (You found it on level 3 of the Elven Halls)

   +Blink:    It lets you blink.
   Regen:     It increases your rate of health regeneration.
   *Slow:     It may slow you when you take damage.
   Rampage:   It bestows one free step when moving towards enemies.
 Q - a +1 kite shield of reflection (worn)
 S - +0 gold dragon scales (worn)
 U - a +1 hat of willpower
Jewellery
 b - a ring of magical power
 e - a ring of the Octopus King {Fly HP+2 AC+2 EV+2 SH+2}
   (You found it in a Gauntlet)

   [ring of flight]

   AC:        It affects your AC (+2).
   EV:        It affects your evasion (+2).
   HP:        It affects your health (+2).
   Fly:       It grants you flight.
   SH:        It affects your SH (+2).
 j - a ring of see invisible
 p - the amulet of Naol (around neck) {Spirit rPois rC- rN+++ Str+4}
   (You found it in a Gauntlet)

   [amulet of guardian spirit]

   It causes incoming damage to be divided between your reserves of health and
   magic.
   Str:       It affects your strength (+4).
   rC:        It makes you vulnerable to cold.
   rPois:     It protects you from poison.
   rN:        It renders you almost immune to negative energy.
 x - the ring "Maomeb" (left hand) {Fly rF+ Will+}
   (You bought it in a shop on level 3 of the Snake Pit)

   [ring of flight]

   rF:        It protects you from fire.
   Fly:       It grants you flight.
   Will:      It increases your willpower.
 R - a ring of protection from cold
 V - a +6 ring of strength (right hand)
Wands
 a - a wand of mindburst (5)
 l - a wand of flame (71)
 q - a wand of digging (9)
 A - a wand of paralysis (18) (quivered)
 K - a wand of roots (10)
 T - a wand of quicksilver (10)
Scrolls
 f - 2 scrolls of enchant armour
 g - 5 scrolls of identify
 h - a scroll of brand weapon
 i - 3 scrolls of silence
 n - 6 scrolls of enchant weapon
 t - 3 scrolls of teleportation
 u - 4 scrolls of poison
 w - 3 scrolls of blinking
 y - 2 scrolls of magic mapping
 J - 2 scrolls of fear
 Y - 4 scrolls of fog
Potions
 d - 5 potions of might
 m - 2 potions of resistance
 o - 10 potions of mutation
 s - 11 potions of heal wounds
 z - 9 potions of attraction
 D - a potion of cancellation
 E - 8 potions of flight
 F - 5 potions of curing
 I - 2 potions of invisibility
 M - a potion of magic
 N - 5 potions of berserk rage
 O - 6 potions of haste
 P - 2 potions of lignification
 Z - a potion of ambrosia


   Skills:
 + Level 16.7 Fighting
 + Level 20.7 Maces & Flails
 + Level 20.2 Armour
 + Level 4.8 Dodging
 + Level 20.1 Shields
 + Level 4.6 Evocations


You had 21 spell levels left.
You didn't know any spells.
Your spell library contained the following spells:

 Spells                   Type           Power      Damage    Failure   Level
 Freeze                   Ice            0%         1d3       97%         1
 Kiss of Death            Conj/Necr      0%         2d5       97%         1
 Necrotise                Necr           0%         1d4       97%         1
 Slow                     Hex            0%         N/A       97%         1
 Cigotuvi's Dreadful Rot  Necr/Pois/Air  0%         N/A       99%         2
 Ensorcelled Hibernation  Hex/Ice        0%         N/A       99%         2
 Scorch                   Fire           0%         2d5       99%         2
 Confusing Touch          Hex            0%         N/A       100%        3
 Hailstorm                Conj/Ice       0%         3d3       100%        3
 Swiftness                Air            0%         N/A       100%        3
 Vampiric Draining        Necr           0%         2d6       100%        3
 Anguish                  Hex/Necr       0%         N/A       100%        4
 Cause Fear               Hex            0%         N/A       100%        4
 Dispel Undead            Necr           0%         3d6       100%        4
 Flame Wave               Conj/Fire      0%         2d4       100%        4
 Arcjolt                  Conj/Air       0%         1d10      100%        5
 Silence                  Hex/Air        0%         N/A       100%        5
 Enfeeble                 Hex            0%         N/A       100%        7
 Ozocubu's Refrigeration  Ice            0%         4d7       100%        7
 Maxwell's Capacitive Co  Air            0%         ∞         100%        8
 Polar Vortex             Ice            0%         N/A       100%        9
 Apportation              Tloc           Unusable   N/A       N/A         1
 Summon Small Mammal      Summ           Unusable   N/A       N/A         1
 Lesser Beckoning         Tloc           Unusable   N/A       N/A         2
 Passwall                 Tmut/Erth      Unusable   N/A       N/A         2
 Call Canine Familiar     Summ           Unusable   N/A       N/A         3
 Gell's Gravitas          Tloc           Unusable   N/A       N/A         3
 Portal Projectile        Hex/Tloc       Unusable   N/A       N/A         3
 Teleport Other           Tloc           Unusable   N/A       N/A         3
 Ice Form                 Ice/Tmut       Unusable   N/A       N/A         4
 Leda's Liquefaction      Hex/Erth       Unusable   N/A       N/A         4
 Passage of Golubria      Tloc           Unusable   N/A       N/A         4
 Summon Lightning Spire   Summ/Air       Unusable   N/A       N/A         4
 Death Channel            Necr           Unusable   N/A       N/A         6
 Simulacrum               Ice/Necr       Unusable   N/A       N/A         6
 Summon Cactus Giant      Summ           Unusable   N/A       N/A         6
 Haunt                    Necr/Summ      Unusable   N/A       N/A         7
 Infestation              Necr           Unusable   N/A       N/A         8
 Lehudib's Crystal Spear  Conj/Erth      Unusable   10d2      N/A         8

Dungeon Overview and Level Annotations

Branches:
Dungeon (15/15)            Temple (0/1) D:5            Lair (5/5) D:9
  Swamp (1/4) Lair:3        Snake (4/4) Lair:3        Slime (0/5) Lair:4
    Orc (2/2) D:10            Elf (3/3) Orc:2        Depths (0/4) D:15
 Bailey (visited)           IceCv (visited)         Volcano (visited)
Gauntlet (visited)
 Vaults: D:13-14

Altars:
Ashenzari
Elyvilon
Makhleb
Qazlal
Ru
Trog
Xom
The Shining One

Shops:
D:4 (   D:6 *   D:8 :   D:9 [   D:12 [   Orc:1 [   Orc:2 ?*:?   Elf:1 *
Elf:2 *   Snake:3 =

Annotations:
D:9 Grum
Lair:5 3 runed translucent doors, Cheops's ghost, journeyman AtEE
Elf:2 3 runed translucent doors, Kaobra's ghost, adept GnHW


Innate Abilities, Weirdness & Mutations

You are completely covered in rugged brown scales. (AC +3, +7% HP)
Armour fits poorly on your strangely shaped body.
Your magical capacity is very low. (-20% MP)
You occasionally shout uncontrollably at your foes.
You cannot be stealthy.
You are hated by all.
Your cowardice makes you less effective in combat with threatening foes.
You cannot study or cast Earth magic.
You cannot study or cast Translocations magic.
You cannot study or cast Transmutations magic.
Your casting is disrupted.
You have a long armoured tail.
You roll when moving toward enemies. (Rampage)
Your long tongue fully drains potion bottles. (2x potion effects)
Your tongue gives you trouble enunciating. (1.5x scroll delay)
You are partially covered in iridescent scales. (AC +2)
Your system is resistant to poisons. (rPois)


Message History

The spriggan druid hits you but does no damage.
The spriggan rider hits you but does no damage.
You feel a twist of horror at the sight of this foe.
You closely miss the spriggan druid.
Your tail-slap misses the spriggan druid.
The spriggan druid is heavily wounded.
The goliath frog hits you from afar! The acid corrodes you!
You are splashed with acid!
The spriggan rider barely misses you. You block the tyrant leech's attack.
Unknown command.
Unknown command.
You hit the spriggan druid.
You tail-slap the spriggan druid, but do no damage.
The spriggan druid is heavily wounded.
You block the spriggan druid's attack.
The spriggan rider hits you but does no damage.
You block the goliath frog's attack.
Unknown command.
You closely miss the spriggan druid.
Your tail-slap misses the spriggan druid.
The spriggan druid is heavily wounded.
The tyrant leech bites you! You block the spriggan druid's attack.
You block the spriggan rider's attack. The goliath frog hits you from afar!!
The acid corrodes you!
You are splashed with acid!
You focus your inner power and illuminate the goliath frog in retribution!
You feel a twist of horror at the sight of this foe.
Unknown command.
Okay, then.
As you slowly read the scroll of teleportation, it crumbles to dust.
You feel strangely unstable.
The goliath frog hits you but does no damage.
The spriggan rider throws a boomerang of dispersal.
You block the boomerang of dispersal with your +1 kite shield of reflection... and reflect it back!
The boomerang of dispersal closely misses the spriggan rider.
The alligator begins to attack, but is stunned by your conviction!
The spriggan druid gestures at you while chanting.
The stone arrow hits you!!!
* * * LOW HITPOINT WARNING * * *
You block the spriggan rider's attack. The tyrant leech bites you!!!
You die... ~. ~PP

~§P. ~.♣♣♣#♣♣ .~~.#? ♣♣♣
♣..##♣..♣♣♣ ♣♣..⌠#P...P♣
♣...i#i♣ ..♣ ♣.~?@)♣♣!Pi♣
~ ♣~~.w#if.♣ ~w
♣♣.F⌠#♣tP..♣ §...
♣..##..♣.♣♣ ~.~~~ ♣~§#..♣♣
♣ ..~.{♣♣~.#♣♣♣ ##
~.~~~~~♣~#####.♣
♣~~~.....§~.~♣♣♣♣♣
~~~~~~~..~~~...§...~..~.~♣


You could see a thorn hunter, an alligator (strong), a tyrant leech (strong), 2
spriggan riders, a spriggan druid and a goliath frog (strong, corona).

Vanquished Creatures
  Vashnia (Snake:4)
  Nikola (Snake:1)
  A bone dragon (Abyss:3)
  A hellephant (Abyss:3)
  Jorgrun (Elf:2)
  A lich (Abyss:3)
  2 deep elf blademasters (Elf:3)
  Frances (Snake:2)
  2 deep elf master archers (Elf:3)
  A tentacled starspawn (Abyss:3)
  Gastronok (D:8)
  Donald (Elf:3)
  Roxanne (D:14)
  7 nagarajas
  The ghost of Kazon the Blocker, a journeyman DrFi of Makhleb (Swamp:1)
  A frost giant (IceCv)
  5 deep elf sorcerers
  Aizul (Snake:1)
  4 deep elf elementalists (Elf:3)
  Nessos (Lair:3)
  10 deep elf demonologists (Elf:3)
  A minotaur (Gauntlet)
  5 deep elf annihilators (Elf:3)
  A fire dragon (Volcano)
  Josephine (D:14)
  Snorg (Lair:3)
  5 deep elf death magi
  An ettin (D:15)
  A yaktaur captain (D:12)
  An entropy weaver (shapeshifter) (D:15)
  3 deep elf high priests (Elf:3)
  2 vault guards (Bailey)
  4 salamander tyrants
  A rakshasa (Abyss:3)
  4 ogre magi (Orc:2)
  12 anacondas
  2 catoblepae
  9 hydras
  A centaur warrior (D:15)
  27 two-headed ogres
  6 boulder beetles
  25 dancing weapons
  11 death yaks
  A deep troll shaman (Lair:5)
  12 naga warriors
  5 thrashing horrors (Abyss:3)
  3 tengu warriors
  A hell hog (Gauntlet)
  Urug (D:11)
  4 shock serpents
  A sun demon (Abyss:3)
  Sonja (Lair:3)
  A soul eater (Abyss:3)
  16 naga sharpshooters
  21 deep elf knights
  3 skeletal warriors (D:15)
  10 salamander mystics
  A spriggan druid (Swamp:1)
  A fire crab (Gauntlet)
  4 wretched stars
  6 naga ritualists
  2 deep trolls (D:15)
  3 wizards
  A lindwurm (Lair:5)
  10 deep elf archers
  12 mana vipers
  2 orc knights
  22 deep elf pyromancers
  A necromancer (Elf:1)
  10 ugly things
  22 deep elf zephyrmancers
  A will-o-the-wisp (Abyss:3)
  22 salamanders
  2 oklob plants
  3 cyclopes
  3 manticores
  A faun (shapeshifter) (Abyss:3)
  A wolf spider (D:15)
  A moth of wrath (Lair:4)
  16 elephants
  33 black mambas
  4 guardian serpents
  27 naga magi
  An ice statue (IceCv)
  An eye of devastation (Gauntlet)
  8 cane toads
  4 gargoyles
  A smoke demon (Abyss:3)
  A torpor snail (Lair:4)
  4 unseen horrors
  An efreet (Abyss:3)
  An eye of devastation (shapeshifter) (D:13)
  Psyche (D:9)
  A rime drake (shapeshifter) (D:14)
  8 rime drakes
  15 komodo dragons
  4 yaktaurs (D:15)
  3 kobold demonologists
  4 tengu conjurers
  A tyrant leech (Lair:4)
  4 polar bears (IceCv)
  A hellwing (Abyss:3)
  3 meliai (D:13)
  2 hornets
  A wind drake (shapeshifter) (D:14)
  Prince Ribbit (D:6)
  14 blink frogs
  3 raiju (Abyss:3)
  6 trolls
  12 dream sheep
  2 large abominations
  7 air elementals
  A spriggan (Swamp:1)
  4 slime creatures
  82 yaks
  5 wraiths
  4 wyverns
  Eustachio (D:5)
  3 humans (Bailey)
  7 fire elementals
  11 fire bats
  6 water elementals
  A golden eye (Gauntlet)
  A basilisk (Lair:1)
  5 steam dragons
  A neqoxec (Abyss:3)
  2 chaos spawn (Abyss:3)
  3 wargs
  9 vampire mosquitoes
  4 swamp worms
  61 nagas
  4 acid dragons
  14 water moccasins
  3 hell hounds (Gauntlet)
  20 orc warriors
  2 ice beasts
  A sky beast (D:7)
  6 black bears
  6 centaurs
  27 ogres
  17 wolves
  Blork the orc (D:4)
  4 kobold brigands
  3 elf zombies (Elf:1)
  17 bullfrogs
  A scorpion (D:11)
  7 earth elementals
  7 wights
  7 killer bees
  2 small abominations (Abyss:3)
  An elephant simulacrum (Lair:3)
  An electric eel (D:11)
  7 howler monkeys
  A quasit (Abyss:3)
  3 jellies
  A hound (D:7)
  15 orc priests
  2 iron imps
  2 sleepcaps (D:5)
  Jessica (D:2)
  25 orc wizards
  5 iguanas
  A wolf simulacrum (Lair:3)
  3 gnolls (D:5)
  11 adders
  4 white imps
  An ufetubus (Abyss:3)
  A worm (D:2)
  2 dart slugs
  87 orcs
  8 endoplasms
  3 giant cockroaches
  12 goblins
  5 hobgoblins
  5 jackals
  4 quokkas
  3 ball pythons
  4 frilled lizards
  21 kobolds
  6 rats
1180 creatures vanquished.

Vanquished Creatures (others)
  A hydra (D:13)
  A dancing weapon (Elf:3)
  A death yak (Lair:5)
  A naga warrior (Snake:1)
  A thrashing horror (Elf:3)
  2 deep elf knights
  A salamander mystic (Snake:4)
  A large abomination (Elf:1)
  A naga ritualist (Snake:1)
  2 deep elf pyromancers
  A guardian serpent (Snake:4)
  A slime creature (D:12)
  A black mamba (Snake:1)
  A yak (Lair:4)
  An orc warrior (D:8)
  A small abomination (Abyss:3)
  A goblin (D:7)
  A kobold (D:9)
  2 foxfires (Abyss:3)
  2 starspawn tentacles (Abyss:3)
24 creatures vanquished.

Grand Total: 1204 creatures vanquished

Notes
Turn   | Place    | Note
-------+----------+-------------------------------------------
     0 | D:1      | olmar the Armataur Fighter began the quest for the Orb.
     0 | D:1      | Reached XP level 1. HP: 19/19 MP: 1/1
   310 | D:1      | Found a faded altar of an unknown god.
   326 | D:1      | Reached XP level 2. HP: 25/26 MP: 2/2
   341 | D:1      | Prayed at the altar of an unknown god.
   341 | D:1      | Became a worshipper of Ru the Awakened
   361 | D:1      | Gained mutation: Your magical capacity is low. (-10% MP)
                  | [Ru sacrifice]
   689 | D:2      | Reached XP level 3. HP: 29/33 MP: 2/2
   772 | D:2      | Gained mutation: You are partially covered in iridescent
                  | scales. (AC +2) [potion of mutation]
   772 | D:2      | Gained mutation: Your magical capacity is very low. (-20%
                  | MP) [potion of mutation]
   772 | D:2      | Gained mutation: Your system is resistant to poisons.
                  | (rPois) [potion of mutation]
   819 | D:2      | Noticed Jessica
   823 | D:2      | Killed Jessica
   903 | D:2      | Reached XP level 4. HP: 40/40 MP: 3/3
  1959 | D:3      | Reached XP level 5. HP: 46/48 MP: 4/4
  2023 | D:3      | Found a white marble altar of Elyvilon.
  2034 | D:3      | Found a glowing golden altar of the Shining One.
  2598 | D:4      | Reached skill level 1 in Dodging
  2607 | D:4      | Gained mutation: You are hated by all. [Ru sacrifice]
  2607 | D:4      | Reached * piety under Ru
  2607 | D:4      | Reached ** piety under Ru
  2783 | D:4      | Noticed Blork the orc
  2801 | D:4      | HP: 3/72 [Blork the orc/+0 halberd (4)]
  2803 | D:4      | Killed Blork the orc
  2804 | D:4      | Reached skill level 5 in Armour
  2804 | D:4      | Reached XP level 6. HP: 5/54 MP: 4/4
  3409 | D:4      | Found Rinuorgh's Antique Weapon Emporium.
  3619 | D:5      | Entered Level 5 of the Dungeon
  3982 | D:5      | Noticed Eustachio
  3999 | D:5      | Killed Eustachio
  4000 | D:5      | Reached XP level 7. HP: 49/63 MP: 5/5
  4179 | D:5      | Reached skill level 5 in Maces & Flails
  4392 | D:5      | Found a staircase to the Ecumenical Temple.
  4628 | D:6      | Noticed a steam dragon
  4638 | D:6      | Killed a steam dragon
  4910 | D:6      | Reached XP level 8. HP: 64/70 MP: 6/6
  5306 | D:6      | Found Qucluw's Assorted Antiques.
  5340 | D:6      | Noticed Prince Ribbit
  5353 | D:6      | Killed Prince Ribbit
  6023 | D:7      | Found a flagged portal.
  6046 | Bailey   | Entered a bailey
  6052 | Bailey   | Reached skill level 1 in Evocations
  6112 | Bailey   | Reached XP level 9. HP: 77/77 MP: 7/7
  6140 | Bailey   | Noticed a vault guard
  6140 | Bailey   | Noticed a cane toad
  6154 | Bailey   | Killed a vault guard
  6155 | Bailey   | Reached skill level 5 in Fighting
  6158 | Bailey   | Killed a cane toad
  6159 | Bailey   | Reached skill level 1 in Stealth
  6159 | Bailey   | Reached skill level 5 in Shields
  6322 | Bailey   | Noticed a vault guard
  6346 | Bailey   | HP: 1/79 [vault guard/+0 broad axe (15)]
  6348 | Bailey   | Gained mutation: You cannot be stealthy. [Ru sacrifice]
  6355 | Bailey   | Killed a vault guard
  6723 | D:7      | Reached XP level 10. HP: 86/86 MP: 8/8
  7677 | D:8      | Reached skill level 10 in Maces & Flails
  7731 | D:8      | Noticed a tengu warrior
  7731 | D:8      | Noticed Gastronok
  8181 | D:8      | Found Maaligid's Tiny Tomes.
  8274 | D:8      | Killed a tengu warrior
  8285 | D:8      | Reached skill level 10 in Armour
  8491 | D:8      | Noticed a gargoyle
  8524 | D:9      | Found Yrenic's Armour Emporium.
  8541 | D:9      | Identified the +0 chain mail of Voracious Music {rF+ rC+}
  8568 | D:9      | Noticed Grum
  8597 | D:9      | Found a staircase to the Lair.
  8816 | D:9      | Gained mutation: You cannot study or cast Earth magic. [Ru
                  | sacrifice]
  8816 | D:9      | Gained mutation: You cannot study or cast Transmutations
                  | magic. [Ru sacrifice]
  8816 | D:9      | Gained mutation: You cannot study or cast Translocations
                  | magic. [Ru sacrifice]
  8816 | D:9      | Reached *** piety under Ru
  8925 | D:9      | Noticed a two-headed ogre
  8936 | D:9      | Killed a two-headed ogre
  8937 | D:9      | Reached XP level 11. HP: 83/97 MP: 8/8
  9070 | D:9      | Noticed a two-headed ogre
  9079 | D:9      | Killed a two-headed ogre
  9480 | D:9      | Noticed Psyche
  9490 | D:9      | Killed Psyche
  9952 | D:8      | Killed Gastronok
 10302 | D:10     | Entered Level 10 of the Dungeon
 10325 | D:10     | Found a staircase to the Orcish Mines.
 10325 | D:10     | Noticed a two-headed ogre
 10333 | D:10     | Killed a two-headed ogre
 11191 | D:10     | Found a stormy altar of Qazlal.
 11692 | D:11     | Reached XP level 12. HP: 34/107 MP: 9/9
 11801 | D:11     | Identified the +3 dagger "Sioloffi" {spect, Will+}
 11968 | D:11     | Noticed Urug
 11998 | D:11     | Killed Urug
 12346 | D:11     | Found a bloodstained altar of Trog.
 12346 | D:11     | Noticed a two-headed ogre
 12355 | D:11     | Killed a two-headed ogre
 13150 | D:12     | Found Ynkar's Antique Armour Shop.
 13210 | D:12     | Gained mutation: Your cowardice makes you less effective in
                  | combat with threatening foes. [Ru sacrifice]
 13210 | D:12     | Reached **** piety under Ru
 13210 | D:12     | Reached ***** piety under Ru
 13338 | D:12     | Identified the +2 sling of the Messenger {freeze, Str+3}
 13338 | D:12     | Noticed a yaktaur captain
 13339 | D:12     | Noticed a boulder beetle
 13364 | D:12     | Killed a yaktaur captain
 13395 | D:12     | Killed a boulder beetle
 13709 | D:12     | Reached skill level 10 in Shields
 13916 | D:12     | Identified the +4 scale mail of the Wild Haggis {Dex+3
                  | SInv}
 13920 | D:12     | Identified the +3 scimitar "Ziub" {freeze, Will++}
 14775 | D:13     | Noticed an eight-headed hydra
 14775 | D:13     | Noticed a boulder beetle
 14781 | D:13     | Killed an eight-headed hydra
 14782 | D:13     | Reached XP level 13. HP: 110/115 MP: 10/10
 15794 | Lair:1   | Entered Level 1 of the Lair of Beasts
 15850 | Lair:1   | Found a dark tunnel.
 15878 | Volcano  | Entered a volcano
 16134 | Volcano  | Noticed a fire dragon
 16153 | Volcano  | Killed a fire dragon
 16773 | Lair:1   | Identified the +5 dagger "Areaqicke" {protect, rPois rN+}
 17181 | Lair:2   | Reached XP level 14. HP: 127/127 MP: 11/11
 17235 | Lair:2   | Found a gate leading to a gauntlet.
 17258 | Gauntlet | Entered a Gauntlet
 17258 | Gauntlet | Found a transporter.
 17258 | Gauntlet | Found a transporter.
 17260 | Gauntlet | Found a transporter.
 17260 | Gauntlet | Found a transporter.
 17263 | Gauntlet | Found a transporter.
 17278 | Gauntlet | Found a transporter.
 17283 | Gauntlet | Found a transporter.
 17321 | Gauntlet | Found the ring of the Octopus King
 17322 | Gauntlet | Found a transporter.
 17326 | Gauntlet | Found a transporter.
 17326 | Gauntlet | Found a transporter.
 17341 | Gauntlet | Found a transporter.
 17357 | Gauntlet | Found a transporter.
 17367 | Gauntlet | Found a transporter.
 17579 | Gauntlet | Identified a ring of the Octopus King {Fly HP+2 AC+2 EV+2
                  | SH+2}
 17611 | Gauntlet | Reached skill level 10 in Fighting
 17636 | Gauntlet | Identified the amulet of Naol {Spirit rPois rC- rN+++
                  | Str+4}
 17664 | Gauntlet | Identified the +5 arbalest "Qagaps" {drain, Str-5 Dex+4
                  | Stlth+}
 17685 | Gauntlet | Identified the +3 flail of Anipp {freeze, Stlth+}
 17997 | Lair:2   | Found a shimmering altar of Xom.
 18207 | Lair:3   | Noticed Snorg
 18212 | Lair:3   | Killed Snorg
 18213 | Lair:3   | Noticed Sonja
 18218 | Lair:3   | Killed Sonja
 18438 | Lair:3   | Found a burning altar of Makhleb.
 18451 | Lair:3   | Found a frozen archway.
 18504 | IceCv    | Entered an ice cave
 18691 | IceCv    | Noticed a frost giant
 18762 | IceCv    | Killed a frost giant
 18794 | IceCv    | Gained mutation: Your casting is slightly disrupted. [Ru
                  | sacrifice]
 19163 | Lair:3   | Found a staircase to the Snake Pit.
 19202 | Lair:3   | Found a staircase to the Swamp.
 19434 | Lair:3   | Noticed Nessos
 19441 | Lair:3   | Killed Nessos
 19735 | Lair:4   | Reached skill level 15 in Maces & Flails
 19824 | Lair:4   | Reached XP level 15. HP: 98/139 MP: 12/12
 20090 | Lair:4   | Found a staircase to the Slime Pits.
 20396 | Lair:5   | Entered Level 5 of the Lair of Beasts
 20494 | Lair:5   | Found a runed translucent gate.
 20494 | Lair:5   | Found a runed translucent gate.
 20494 | Lair:5   | Found a runed translucent gate.
 20494 | Lair:5   | Noticed Cheops's ghost (journeyman AtEE)
 20560 | Lair:5   | Found the +1 robe of Vines {NoPotionHeal Regen++++}
 20633 | Lair:5   | Gained mutation: You occasionally shout uncontrollably at
                  | your foes. [Ru sacrifice]
 20650 | Lair:5   | Reached skill level 15 in Armour
 21604 | Orc:1    | Entered Level 1 of the Orcish Mines
 21809 | Orc:2    | Entered Level 2 of the Orcish Mines
 22212 | Orc:2    | Found a staircase to the Elven Halls.
 22230 | Orc:2    | Found Cossa's Assorted Antiques.
 22230 | Orc:2    | Found Eteu's Magic Scroll Shop.
 22231 | Orc:2    | Found Kinoret's Magic Scroll Boutique.
 22231 | Orc:2    | Found Liell's Book Shoppe.
 22239 | Orc:2    | Bought a scroll of acquirement for 780 gold pieces
 22241 | Orc:2    | Acquired 603 gold pieces
 22245 | Orc:2    | Bought a scroll of identify for 28 gold pieces
 22245 | Orc:2    | Bought a scroll of identify for 28 gold pieces
 22474 | Orc:1    | Found Abiostyr's Armour Boutique.
 22627 | Elf:1    | Entered Level 1 of the Elven Halls
 22724 | Elf:1    | Reached XP level 16. HP: 128/150 MP: 12/12
 22982 | Elf:1    | Reached skill level 15 in Shields
 23713 | Elf:1    | Found Malesti's Assorted Antiques.
 23824 | Elf:1    | Got the Notes on Death
 24165 | Elf:2    | Paralysed by an air elemental for 1 turns
 24169 | Elf:2    | Paralysed by an air elemental for 1 turns
 24234 | Elf:2    | Found Nireziru's Assorted Antiques.
 24464 | Elf:2    | Found a runed translucent gate.
 24531 | Elf:2    | Found a runed translucent gate.
 24532 | Elf:2    | Found a runed translucent gate.
 24574 | Elf:2    | Noticed Kaobra's ghost (adept GnHW)
 24598 | Elf:2    | Paralysed by an air elemental for 1 turns
 24602 | Elf:2    | Paralysed by an air elemental for 1 turns
 24611 | Elf:2    | Paralysed by an air elemental for 1 turns
 24618 | Elf:2    | Paralysed by an air elemental for 1 turns
 24821 | Elf:2    | Got the Compilation of Austromancy
 24960 | Elf:2    | Bought 2 potions of heal wounds for 290 gold pieces
 24960 | Elf:2    | Bought a potion of heal wounds for 145 gold pieces
 24960 | Elf:2    | Bought a glaive for 188 gold pieces
 24960 | Elf:2    | Bought a potion of might for 116 gold pieces
 24960 | Elf:2    | Bought a potion of resistance for 290 gold pieces
 25126 | Elf:2    | Found a huge runed translucent gate.
 25128 | Elf:2    | Found a huge runed translucent gate.
 25133 | Elf:2    | Found a huge runed translucent gate.
 25134 | Elf:2    | Found a huge runed translucent gate.
 25134 | Elf:2    | Found a huge runed translucent gate.
 25309 | Elf:3    | Entered Level 3 of the Elven Halls
 25402 | Elf:3    | Identified the +2 leather armour "Kavvyi" {SInv}
 25495 | Elf:3    | Reached XP level 17. HP: 145/161 MP: 13/13
 25495 | Elf:3    | Reached XP level 18. HP: 153/170 MP: 14/14
 25496 | Elf:3    | Reached XP level 19. HP: 161/178 MP: 15/15
 25496 | Elf:3    | Reached XP level 20. HP: 168/186 MP: 16/16
 25591 | Elf:3    | Noticed Donald
 25873 | Elf:3    | Killed Donald
 26024 | Elf:3    | Identified the +6 falchion of Sieticag {flame, rF+ Str+3}
 26033 | Elf:3    | Reached XP level 21. HP: 132/191 MP: 16/16
 26400 | Elf:3    | Identified the +7 arbalest of the Fulmar {elec, rElec rF+
                  | Str+6 Stlth-}
 26502 | Elf:3    | Found the +2 hood of the Assassin {Detect Stab+ Stlth++}
 26551 | Elf:3    | Paralysed by an air elemental for 1 turns
 26555 | Elf:3    | Identified the +1 robe "Akususoo" {MP+9 Str+2 Stlth+}
 26611 | Elf:3    | Identified the +9 long sword of Youthful Indiscretion
                  | {heavy, *Slow rN++ rCorr}
 26755 | Elf:3    | Got the Secrets of the Dark Snowflakes
 26788 | Elf:3    | Identified the scarf of Sawniyss {rC+ rF+, Rampage *Slow
                  | +Blink Regen+}
 26857 | Elf:3    | Identified the +5 halberd of Flawed Execution {freeze, rN++
                  | Str+5 Dex-4}
 27051 | Abyss:2  | Cast into level 2 of the Abyss (a deep elf demonologist)
 27258 | Abyss:3  | Reached skill level 15 in Fighting
 27327 | Abyss:3  | Found a corrupted altar of Lugonu.
 27333 | Abyss:3  | Found a corrupted altar of Lugonu.
 27333 | Abyss:3  | Found a corrupted altar of Lugonu.
 27482 | Elf:3    | Escaped the Abyss
 27713 | Elf:2    | Noticed Jorgrun
 27724 | Elf:2    | Killed Jorgrun
 28764 | D:14     | Noticed Josephine
 28776 | D:14     | Killed Josephine
 28954 | D:14     | Noticed Roxanne
 28980 | D:14     | Killed Roxanne
 29034 | D:14     | Found a broken altar of Ashenzari.
 29034 | D:14     | You are sucked into a shaft and drop 1 floor!
 29034 | D:15     | Entered Level 15 of the Dungeon
 29368 | D:15     | Found a shimmering altar of Xom.
 29433 | D:15     | Found a staircase to the Depths.
 30247 | Snake:1  | Entered Level 1 of the Snake Pit
 30247 | Snake:1  | Noticed Aizul
 30270 | Snake:1  | Killed Aizul
 30332 | Snake:1  | Noticed Nikola
 30350 | Snake:1  | Killed Nikola
 30668 | Snake:1  | Identified the +7 great sword of the Inviting Eel {speed,
                  | *Rage Str+5 Dex+6}
 31563 | Snake:2  | Reached XP level 22. HP: 114/200 MP: 11/17
 32022 | Snake:2  | Noticed Frances
 32034 | Snake:2  | Killed Frances
 32287 | Snake:3  | Found Buiq's Jewellery Boutique.
 32351 | Snake:3  | Bought the ring "Maomeb" {Fly rF+ Will+} for 667 gold
                  | pieces
 33140 | Snake:4  | Entered Level 4 of the Snake Pit
 33237 | Snake:4  | Noticed Vashnia
 33300 | Snake:4  | Killed Vashnia
 33807 | Snake:4  | Gained mutation: Your casting is disrupted. [Ru sacrifice]
 34067 | Snake:4  | HP: 3/211 [naga sharpshooter/bolt (15)]
 34450 | Snake:4  | Got a serpentine rune of Zot
 34802 | Swamp:1  | Entered Level 1 of the Swamp
 34893 | Swamp:1  | Found a runed translucent door.
 34897 | Swamp:1  | Noticed Kazon's ghost (journeyman DrFi)
 34900 | Swamp:1  | Identified the +6 trident of Ihotwemo {heavy, rPois rF+
                  | Dex+3}
 34922 | Swamp:1  | Killed Kazon's ghost
 34929 | Swamp:1  | Slain by a tyrant leech

Illustrated notes

Levels and vault maps discovered:
D:1:      dpeg_arrival_solitude, layout_loops_ring,
          shapermc_ecumenical_altar_venn, st_stairs_2
D:2:      layout_basic, uniq_jessica
D:3:      layout_loops_corners, amethyst_overflow_temple_binary
D:4:      nicolae_cairo_tiling_large, layout_basic, serial_shops, shop,
          uniq_blork_the_orc
D:5:      layout_loops_ring, minmay_temple_entry_nine_rooms,
          corexii_item_surrounded_by_moat, uniq_eustachio
D:6:      layout_basic, serial_shops, shop, roderic_roman_lattice,
          uniq_prince_ribbit1
D:7:      layout_basic, enter_bailey_5
D:8:      minmay_chambers_of_sevens, layout_basic,
          nicolae_shop_i_like_small_books_too, uniq_gastronok
D:9:      layout_basic, dpeg_oklobed_lair, serial_shops, shop, uniq_psyche,
          uniq_grum
D:10:     layout_rooms, mainiacjoe_overflow_large_starburst, david_orc_3,
          nicolae_zen_rock_garden
D:11:     layout_roguey, kennysheep_diamond, trog_butcher_becter, uniq_urug
D:12:     minmay_the_grid_four_pointed_star
          [minmay_the_grid_triangle_9x9_flanged_cone,
          minmay_the_grid_triangle_9x9_alien,
          minmay_the_grid_triangle_9x9_sparse_checkered,
          minmay_the_grid_triangle_9x9_empty,
          minmay_the_grid_prize_diamond_cup], layout_loops_cross, serial_shops,
          nicolae_stop_n_shop_2
D:13:     layout_basic
D:14:     layout_long_grid, david_vaults_4, nicolae_ashenzari_panopticon,
          uniq_roxanne, uniq_josephine
D:15:     hangedman_depths_entry_civil_slaughter, layout_loops_corners,
          basic_altar
Lair:1:   layout_regular_city, nicolae_volcano_entry_batcave,
          infiniplex_staircase_pool_2, grunt_megastairs_1, serial_bayou_shore_b,
          lemuel_fruit_fields, serial_bayou_shore_b
Lair:2:   layout_misc_corridors, gauntlet_entry_generic, lemuel_oklob_altar
Lair:3:   layout_cave_shapes, minmay_swamp_entry_reptiles,
          minmay_snake_entry_guardpost_small,
          portal_ice_cave_entry_ice_simulacra, basic_altar, uniq_snorg,
          uniq_nessos, uniq_sonja
Lair:4:   layout_cave_shapes, minmay_slime_entry_pillars,
          chequers_serial_rivers_room_b, worms_lemuel, serial_bayou_shore_b
Lair:5:   grunt_lair_end_beastmaster, layout_regular_city,
          ebering_ghost_rock_garden, chequers_serial_rivers_micro_a,
          st_stairs_9, hellmonk_guarded_unrand_vines, lemuel_fruit_tree
Swamp:1:  layout_basic_swamp, ebering_ghost_funeral_grove,
          evilmike_swamp_ruin_rubble_2, infiniplex_staircase_pool
Snake:1:  layout_rooms, uniq_aizul, uniq_nikola
Snake:2:  layout_grid_shapes, nicolae_integral_box, uniq_frances
Snake:3:  layout_cave_town, minmay_shop_star
Snake:4:  johnstein_snake_rune_scales, layout_cave_town, drop_trap, uniq_vashnia
Orc:1:    layout_caves, serial_shops, shop, nicolae_orc_lost_temple, uniq_erica
Orc:2:    st_orc_ogre_mass, layout_caves, nicolae_orc_tapped_out
Elf:1:    layout_loops_corners, serial_shops, shop, minmay_elf_necromancy,
          grunt_megastairs_4
Elf:2:    elven_hall_of_blades_hangedman_alternative
          [nicolae_vaults_blade_armed_guards], layout_loops_corners,
          serial_shops, shop, gammafunk_ghost_split,
          nicolae_elf_loose_elemental_storage, uniq_jorgrun
Elf:3:    grunt_elf_hall_branching, layout_onion_city, uniq_donald

Skill      XL: |  1  2  3  4  5  6  7  8  9 10 11 12 13 14 15 16 17 18 19 20 21 22 |
---------------+-------------------------------------------------------------------+-----
Maces & Flails | 2 3 4 6 7 9 10 11 13 14 15 16 18 19 20 | 20.7
Armour         | 4 5 6 7 9 10 11 12 13 14 15 16 17 19 20 | 20.2
Fighting       | 3 4 5 6 7 8 9 11 12 13 14 16 | 16.7
Dodging        | 1 2 3 4 |  4.8
Shields        | 4 5 6 9 10 11 13 14 16 18 20 | 20.1
Evocations     | 1 2 3 4 |  4.6
Stealth        | 0 |  0.0

Action                     |  1- 3 |  4- 6 |  7- 9 | 10-12 | 13-15 | 16-18 | 19-21 | 22-24 || total
---------------------------+-------+-------+-------+-------+-------+-------+-------+-------++-------
  Melee: Flail             |    50 |   212 |   187 |   923 |   222 |       |       |       ||  1594
         Tailslap          |     4 |    31 |    42 |   151 |   279 |    48 |   205 |   102 ||   862
         Demon whip        |       |       |       |       |  1171 |   437 |   774 |       ||  2382
         Morningstar       |       |       |       |       |       |       |   347 |   551 ||   898
  Throw: Javelin           |       |     2 |     1 |     4 |       |       |       |       ||     7
         Throwing net      |       |       |       |     2 |       |       |       |     1 ||     3
         Dart              |       |       |       |     1 |    12 |     1 |     4 |     1 ||    19
 Invoke: Sacrifice Essence |     1 |       |       |       |     1 |       |       |     1 ||     3
         Sacrifice Love    |       |     1 |       |       |       |       |       |       ||     1
         Sacrifice Stealth |       |       |     1 |       |       |       |       |       ||     1
         Sacrifice Arcana  |       |       |       |     1 |       |       |       |       ||     1
         Draw Out Power    |       |       |       |     5 |       |       |     2 |     2 ||     9
         Sacrifice Courage |       |       |       |     1 |       |       |       |       ||     1
         Power Leap        |       |       |       |       |     3 |       |       |     2 ||     5
         Apocalypse        |       |       |       |       |     3 |       |     3 |     1 ||     7
         Reject Sacrifices |       |       |       |       |     1 |     1 |     1 |       ||     3
         Sacrifice Purity  |       |       |       |       |     1 |       |       |       ||     1
  Evoke: Wand              |       |     1 |    18 |    25 |    10 |       |     7 |     4 ||    65
    Use: Potion            |     1 |     3 |     1 |     1 |     5 |     2 |     1 |     4 ||    18
         Scroll            |       |     5 |     6 |     2 |    14 |     3 |     7 |     4 ||    41
   Stab: Paralysed         |       |       |     3 |    22 |    12 |     2 |     4 |     5 ||    48
         Invisible         |       |       |       |     3 |     7 |     1 |     3 |       ||    14
         Distracted        |       |       |       |     1 |     2 |     4 |     4 |     3 ||    14
         Held in net/web   |       |       |       |     1 |       |       |       |       ||     1
         Petrified         |       |       |       |       |     7 |       |       |       ||     7
 Armour: Scale mail        |    22 |       |       |       |       |       |       |       ||    22
         Chain mail        |     4 |   136 |    25 |   235 |   361 |       |       |       ||   761
         Skin              |       |     3 |       |       |       |       |       |       ||     3
         Plate armour      |       |       |    64 |   224 |       |       |       |       ||   288
         Gold dragon scale |       |       |       |       |     3 |    88 |   314 |   261 ||   666
  Dodge: Dodged            |    13 |    62 |    41 |   187 |   238 |    44 |   150 |    63 ||   798
         Repelled          |       |       |       |       |       |     4 |     1 |       ||     5
  Block: Buckler           |     5 |    61 |    31 |     8 |       |       |       |       ||   105
         Kite shield       |       |       |       |   485 |   563 |   118 |   518 |   381 ||  2065
         Reflection        |       |       |       |    18 |     6 |    26 |    38 |    72 ||   160
